 Dungeon Crawl Stone Soup version 0.28.0-47-ge53b351184 (webtiles) character file.

Game seed: 1160890036231488982

51 Iusername the Covered (level 4, -1/35 HPs)
             Began as a Human Fighter on Apr 28, 2022.
             Slain by a goblin
             ... wielding a +0 club
              (5 damage)
             ... on level 2 of the Dungeon.
             The game lasted 00:01:59 (1113 turns).

Iusername the Covered (Human Fighter)               Turns: 1113, Time: 00:02:00

Health: -1/35      AC:  6    Str: 19    XL:     4   Next: 7%
Magic:  4/4        EV:  9    Int:  8    God:
Gold:   14         SH:  4    Dex: 12    Spells: 3/3 levels left

rFire   . . .      SeeInvis .   a - +0 trident
rCold   . . .      Faith    .   c - +0 buckler
rNeg    . . .      Spirit   .   b - +0 scale mail
rPois   .          Reflect  .   (no helmet)
rElec   .          Harm     .   (no cloak)
rCorr   .          Rampage  .   (no gloves)
Will    .....                   (no boots)
Stlth   ..........              (no amulet)
HPRegen 0.11/turn               (no ring)
MPRegen 0.09/turn               (no ring)

@: mighty
A: no striking features
a: no special abilities


You were on level 2 of the Dungeon.
You visited 1 branch of the dungeon, and saw 2 of its levels.

You collected 14 gold pieces.

Inventory:

Hand Weapons
 a - a +0 trident (weapon)
 f - a +0 vorpal quarterstaff
Armour
 b - a +0 scale mail (worn)
 c - a +0 buckler (worn)
Jewellery
 g - an amulet of magic regeneration
Scrolls
 e - a scroll of identify {unknown}


   Skills:
 + Level 3.4 Fighting
 + Level 2.4 Polearms
 + Level 3.5 Armour
 + Level 0.4 Dodging
 + Level 3.3 Shields


You had 3 spell levels left.
You didn't know any spells.
Your spell library was empty.

Dungeon Overview and Level Annotations

Branches:
Dungeon (2/15)

Altars:

Annotations:
D:2 Robin


Message History

The adder is severely wounded.
The hobgoblin hits you. The goblin hits you with a +0 club.
The adder barely misses you.
The goblin hits you but does no damage. x2
You block the goblin's attack. You block the hobgoblin's attack.
The goblin barely misses you.
Unknown command.
You puncture the adder!
You kill the adder!
The goblin hits you but does no damage. x2; The goblin barely misses you.
You block the hobgoblin's attack. The goblin hits you with a +0 club. x2
The goblin closely misses you. The goblin barely misses you.
You have reached level 4!
You feel stronger.
Unknown command.
You are too injured to fight recklessly!
Unknown command.
Unknown command.
You are too injured to fight recklessly!
Unknown command.
You are too injured to fight recklessly!
Unknown command.
You are too injured to fight recklessly!
Unknown command.
You feel very mighty all of a sudden.
The hobgoblin hits you but does no damage.
The goblin misses you. The goblin hits you with a +0 club.
The goblin hits you but does no damage. The goblin hits you with a +0 dagger.
* * * LOW HITPOINT WARNING * * *
You completely miss the hobgoblin.
The hobgoblin hits you but does no damage.
The goblin hits you with a +0 club.
* * * LOW HITPOINT WARNING * * *
The goblin barely misses you. The goblin hits you with a +0 club.
* * * LOW HITPOINT WARNING * * *
The goblin hits you but does no damage.
You barely miss the hobgoblin.
The hobgoblin no longer looks unusually strong.
The hobgoblin hits you but does no damage.
The goblin hits you with a +0 club.
You die...

.. . .. .. ..
...###. .....gg
....gSg####
#.gggg#<.#
#g@g.# #.gg.#
#.......
...........
.............
g.........##...
..#####.#.. ...
#. #..... ..


You could see Robin, 5 hobgoblins, 6 goblins and a ball python.

Vanquished Creatures
  An adder (D:2)
  2 bats (D:1)
  5 endoplasms (D:1)
  3 giant cockroaches (D:1)
  2 goblins
  3 hobgoblins (D:1)
  7 jackals (D:1)
  2 kobolds (D:1)
  2 quokkas (D:1)
  4 ball pythons (D:1)
  2 frilled lizards (D:1)
  3 rats (D:1)
36 creatures vanquished.

Vanquished Creatures (others)
  A demonspawn (D:1)
  A draconian (D:1)
  2 octopodes (D:1)
  An elf (D:1)
  2 merfolk (D:1)
  A troll (D:1)
  A spriggan (D:1)
  A vampire (D:1)
  A gnoll (D:1)
  An orc (D:1)
  7 tentacles (D:1)
19 creatures vanquished.

Grand Total: 55 creatures vanquished

Notes
Turn   | Place    | Note
-------+----------+-------------------------------------------
     0 | D:1      | Iusername the Human Fighter began the quest for the Orb.
     0 | D:1      | Reached XP level 1. HP: 18/18 MP: 1/1
     0 | D:1      | Noticed a merfolk
     0 | D:1      | Noticed an octopode
     0 | D:1      | Noticed a troll
     0 | D:1      | Noticed an octopode
     0 | D:1      | Noticed a kraken
     0 | D:1      | Noticed a spriggan
     0 | D:1      | Noticed a draconian
     0 | D:1      | Noticed a vampire
     0 | D:1      | Noticed a demonspawn
     0 | D:1      | Noticed an elf
     0 | D:1      | Noticed a merfolk
     4 | D:1      | Killed an octopode
     4 | D:1      | Killed an elf
     6 | D:1      | Killed a troll
     7 | D:1      | Killed a spriggan
     8 | D:1      | Killed an octopode
     9 | D:1      | Killed a merfolk
    10 | D:1      | Killed a draconian
    10 | D:1      | Killed a merfolk
    12 | D:1      | Killed a vampire
    13 | D:1      | Killed a demonspawn
   188 | D:1      | Reached XP level 2. HP: 23/24 MP: 2/2
   460 | D:1      | Reached XP level 3. HP: 29/29 MP: 3/3
  1101 | D:2      | Noticed Robin
  1111 | D:2      | Reached XP level 4. HP: 16/35 MP: 4/4
  1113 | D:2      | Slain by a goblin

Illustrated notes

Levels and vault maps discovered:
D:1:      nicolae_arrival_kraken_aquarium_a, layout_basic, serial_park_tiny_1,
          minmay_misc_feat_chi
D:2:      layout_basic, basic_altar, uniq_robin

Action                   |  1- 3 |  4- 6 || total
-------------------------+-------+-------++-------
Melee: Trident           |    98 |     2 ||   100
  Use: Potion            |       |     1 ||     1
Armor: Scale mail        |    41 |     5 ||    46
Dodge: Dodged            |    44 |     2 ||    46
Block: Buckler           |    20 |       ||    20
